 Dungeon Crawl Stone Soup version 0.30-a0-782-ge64f9170bb (webtiles) character file.

Game seed: 971513892063201407

1112 112233 the Thaumaturge (level 8, -5/37 (41) HPs)
             Began as a Deep Elf Fire Elementalist on Feb 28, 2023.
             Was an Initiate of Vehumet.
             Slain by a wight
             ... wielding a +0 morningstar
              (13 damage)
             ... on level 5 of the Dungeon.
             The game lasted 00:04:45 (6866 turns).

112233 the Thaumaturge (Deep Elf Fire Elementalist) Turns: 6866, Time: 00:04:46

HP:   -5/37 (41)    AC:  5    Str:  5      XL:     8   Next: 11%
MP:   20/22         EV: 14    Int: 23      God:    Vehumet [......]
Gold: 300           SH:  0    Dex: 14 (15) Spells: 12/23 levels left

rFire   . . .      SeeInvis .    (no weapon)
rCold   + . .      Faith    .    (no shield)
rNeg    . . .      Spirit   .    a - +0 robe
rPois   +          Reflect  .    u - +1 helmet
rElec   .          Harm     .    (no cloak)
rCorr   .          Rampage  .    (no gloves)
Will    .....                    f - +0 pair of boots
Stlth   ++                       (no amulet)
HPRegen 0.26/turn                i - ring of poison resistance
MPRegen 0.18/turn                r - ring of protection from cold

@: drained, invisible
A: no striking features
a: Renounce Religion


You were on level 5 of the Dungeon.
You worshipped Vehumet.
Vehumet was noncommittal.
You visited 2 branches of the dungeon, and saw 7 of its levels.

You collected 301 gold pieces.
You spent 1 gold pieces at shops.

Inventory:

Hand Weapons
 t - a -2 lajatang
Armour
 a - a +0 robe (worn)
 f - a +0 pair of boots (worn)
 j - an orb of energy
 u - a +1 helmet (worn)
Jewellery
 i - a ring of poison resistance (left hand)
 r - a ring of protection from cold (right hand)
 s - a ring of protection from cold
Wands
 g - a wand of mindburst (17)
 n - a wand of charming (6)
Scrolls
 b - 2 scrolls of noise
 c - a scroll of fear
 k - 2 scrolls of identify
 o - a scroll of fog
 p - 2 scrolls of poison
 q - a scroll of teleportation {unknown}
Potions
 l - a potion of cancellation
 m - 2 potions of flight


   Skills:
 + Level 5.6 Dodging
 - Level 3.3 Stealth
 * Level 8.1 Spellcasting
 + Level 4.5 Conjurations
 + Level 5.7 Fire Magic


You had 12 spell levels left.
You knew the following spells:

 Your Spells              Type           Power      Damage    Failure   Level
a - Foxfire               Conj/Fire      100%       2x1d9     1%          1
b - Scorch                Fire           70%        2d8       1%          2
c - Apportation           Tloc           18%        N/A       7%          1
d - Kindle Blastsparks    Fire/Tloc/Air  36%        2d13      10%         3
e - Flame Wave            Conj/Fire      33%        2d10      9%          4

Your spell library contained the following spells:

 Spells                   Type           Power      Damage    Failure   Level
 Inner Flame              Hex/Fire       22%        N/A       6%          3
 Necrotise                Necr           36%        1d5       7%          1
 Summon Small Mammal      Summ           36%        N/A       7%          1
 Ensorcelled Hibernation  Hex/Ice        18%        N/A       11%         2
 Call Canine Familiar     Summ           9%         N/A       21%         3
 Spider Form              Tmut/Pois      9%         N/A       21%         3
 Summon Guardian Golem    Hex/Summ       9%         N/A       21%         3
 Anguish                  Hex/Necr       4%         N/A       56%         4


Dungeon Overview and Level Annotations

Branches:
Dungeon (6/15)             Temple (1/1) D:5

Altars:
Ashenzari
Cheibriados
Elyvilon
Fedhas
Gozag
Hepliaklqana
Kikubaaqudgha
Makhleb
Okawaru
Qazlal
Ru
Trog
Uskayaw
Vehumet
Wu Jian
Xom
Yredelemnul
Zin
The Shining One

Shops:
D:4 *

Annotations:
Temple 2 transporters


Message History

The quasit bites you.
* * * LOW HITPOINT WARNING * * *
You feel clumsy.
The quasit claws you but does no damage.
The quasit closely misses you.
You climb upwards.
There is a stone staircase leading down here.
Unknown command.
You fade into invisibility!
The quasit misses you. The quasit barely misses you.
The quasit claws you but does no damage.
Unknown command.
Casting: Scorch (safe; 1% risk of failure)
Confirm with . or Enter, or press ? or * to list all spells.
Flames lash the quasit.
The quasit resists.
The quasit is lightly wounded.
The quasit's fire resistance burns away.
The quasit misses you. x2; The quasit claws you.
* * * LOW HITPOINT WARNING * * *
The quasit bites you but does no damage.
The quasit claws you.
* * * LOW HITPOINT WARNING * * *
The quasit misses you. The wight closely misses you.
The quasit completely misses you. The quasit closely misses you.
The quasit misses you.
Unknown command.
Unknown command.
As you read the scroll of fear, it crumbles to dust.
You assume a fearsome visage.
The wight is unaffected.
The quasit looks frightened!
The quasit is no longer more vulnerable to fire.
The quasit closely misses you. The quasit misses you.
The quasit closely misses you. The wight barely misses you.
Unknown command.
Okay, then.
As you read the scroll labelled WINOUBEKKO, it crumbles to dust.
It is a scroll of enchant armour.
Your +0 helmet glows green for a moment.
The wight hits you with a +0 morningstar!
You die...

###############
#.............#
#.###########.# #.# ###.#####
#.#########.......##
#.##...............###########
#.##.######.#.###......#......
#.##.# #.#5# #.####.#.#####
#.##.# ####.#@# #........#####
#.##.###....#z# ######........
#<#...#...###.# ###.#####
#.............######## #.####
###...#...###........# #....##
##.......##.######.###.#...#
#####.#.##.# #.##.......
#.#.##.# #.##..#...# #.#.##.#
#†##..##.##


You could see a wight (unable to see you) and a quasit (unable to see you,
fleeing).

Vanquished Creatures
  Eustachio (D:5)
  A black bear (D:5)
  An ogre (D:5)
  A phantom (D:5)
  A bullfrog (D:4)
  A necrophage (D:4)
  2 scorpions (D:4)
  3 hounds
  A jelly (D:5)
  An orc priest (D:5)
  2 iguanas
  A gnoll bouda (D:4)
  2 orc wizards
  3 gnolls
  4 adders
  3 worms (D:3)
  2 dart slugs
  13 orcs
  4 bats
  7 endoplasms
  A giant cockroach (D:2)
  10 goblins
  11 hobgoblins
  5 quokkas
  4 frilled lizards
  7 kobolds
  A rat (D:3)
93 creatures vanquished.

Vanquished Creatures (collateral kills)
  14 foxfires (D:2)
14 creatures vanquished.

Vanquished Creatures (others)
  2 orc wizards (D:5)
  353 foxfires
  3 plants (D:2)
358 creatures vanquished.

Grand Total: 465 creatures vanquished

Notes
Turn   | Place    | Note
-------+----------+-------------------------------------------
     0 | D:1      | 112233 the Deep Elf Fire Elementalist began the quest for
                  | the Orb.
     0 | D:1      | Reached XP level 1. HP: 10/10 MP: 6/6
   321 | D:1      | Reached XP level 2. HP: 15/15 MP: 6/8
   342 | D:1      | Learned a level 2 spell: Scorch
  1206 | D:2      | Reached XP level 3. HP: 19/19 MP: 6/9
  1417 | D:2      | Identified the +2 robe "Bihuseq" {Dex+4}
  2332 | D:3      | Reached XP level 4. HP: 22/24 MP: 0/11
  2809 | D:3      | Learned a level 1 spell: Apportation
  2813 | D:3      | Learned a level 3 spell: Kindle Blastsparks
  3002 | D:4      | Noticed a scorpion
  3011 | D:4      | Killed a scorpion
  3012 | D:4      | Reached skill level 4 in Spellcasting
  3141 | D:4      | Noticed a bullfrog
  3146 | D:4      | Killed a bullfrog
  3147 | D:4      | Reached XP level 5. HP: 19/28 MP: 9/14
  3265 | D:4      | Found a bloodstained altar of Trog.
  3288 | D:4      | Reached skill level 5 in Spellcasting
  3375 | D:4      | Reached XP level 6. HP: 29/32 MP: 2/16
  4388 | D:4      | Found Siluun's Lightly-Used Armoury.
  4394 | D:4      | Bought a -3 lajatang for 1 gold piece
  4774 | D:5      | Entered Level 5 of the Dungeon
  4839 | D:5      | Reached skill level 6 in Spellcasting
  5202 | D:4      | Reached XP level 7. HP: 30/36 MP: 13/18
  5288 | D:5      | Noticed Eustachio
  5294 | D:5      | Reached skill level 5 in Fire Magic
  5824 | D:5      | Killed Eustachio
  5825 | D:5      | Reached skill level 5 in Dodging
  5825 | D:5      | Reached skill level 7 in Spellcasting
  6207 | D:5      | Found a staircase to the Ecumenical Temple.
  6544 | D:5      | Reached XP level 8. HP: 41/41 MP: 16/21
  6597 | Temple   | Entered the Ecumenical Temple
  6597 | Temple   | Found a transporter.
  6597 | Temple   | Found a transporter.
  6599 | Temple   | Found a transporter.
  6599 | Temple   | Found a transporter.
  6619 | Temple   | Became a worshipper of Vehumet
  6790 | D:5      | Learned a level 4 spell: Flame Wave
  6828 | D:5      | Reached skill level 8 in Spellcasting
  6866 | D:5      | Slain by a wight

Illustrated notes

Levels and vault maps discovered:
D:1:      sevenhm_arrival_forest_fort_small_4, layout_basic, moated_statue
D:2:      layout_loops_ring, serial_bayou, serial_bayou_ford_a,
          serial_bayou_pond_d, serial_bayou_pond_c, serial_bayou_pond_a,
          item_on_display_a
D:3:      minmay_door_path, layout_rooms
D:4:      layout_loops_ring, trog_hazing_becter, minmay_shop_damaged,
          chequers_serial_rivers_small_3
D:5:      layout_loops_ring, minmay_temple_entry_junction, corexii_corridor_pit,
          uniq_eustachio
D:6:      layout_basic, mainiacjoe_overflow_six_doors_small, serial_demonic,
          serial_demonic_c, serial_demonic_g, serial_demonic_g,
          serial_demonic_e, serial_demonic_g, serial_demonic_g,
          serial_demonic_a, serial_demonic_g, serial_demonic_g, serial_demonic_d
Temple:   hellmonk_temple_divided_pantheon

Skill      XL: |  1  2  3  4  5  6  7  8 |
---------------+-------------------------+-----
Stealth        | 3 |  3.3
Dodging        | 3 4 5 |  5.6
Conjurations   | 2 3 4 |  4.5
Spellcasting   | 4 5 6 7 8 |  8.1
Fire Magic     | 4 5 |  5.7

Action                     |  1- 3 |  4- 6 |  7- 9 || total
---------------------------+-------+-------+-------++-------
  Melee: Unarmed           |     1 |       |     3 ||     4
   Cast: Foxfire           |   105 |   100 |    34 ||   239
         Scorch            |    13 |    29 |    18 ||    60
    Use: Potion            |     1 |       |    10 ||    11
         Scroll            |       |       |     7 ||     7
 Armour: Robe              |     5 |     9 |    15 ||    29
         Skin              |       |       |    11 ||    11
  Dodge: Dodged            |    21 |    20 |    37 ||    78

Table legend: (Time is in decaauts)
 A = Elapsed time spent in this place.
 B = Non-inter-level travel time spent in this place.
 C = Inter-level travel time spent in this place.
 D = Time resting spent in this place.
 E = Time spent auto-exploring this place.
 F = Levels seen in this place.
 G = Mean time per level.
                   A        B        C        D        E       F      G
               +--------+--------+--------+--------+--------+-----+--------+
         Total |   6873 |   6546 |    327 |   1069 |   4482 |   7 |  981.9 |
       Dungeon |   6823 |   6509 |    314 |   1069 |   4473 |   6 | 1137.2 |
        Temple |     49 |     37 |     12 |      0 |      9 |   1 |   49.0 |
               +--------+--------+--------+--------+--------+-----+--------+

Top non-repeatable levels by time:
     D:4: 2172 daAuts
     D:5: 1280 daAuts
     D:2: 1247 daAuts
     D:1: 1074 daAuts
     D:3: 1038 daAuts
  Temple: 49 daAuts
     D:6: 10 daAuts
